 Dungeon Crawl Stone Soup version bcrawl-1.35.4b (webtiles) character file.

Game seed: 8866814783744610679

127314 Dulis131 the Shield-Bearer (level 5, -1/33 HPs)
             Began as a Gargoyle Fighter on Jan 29, 2022.
             Was an Initiate of the Shining One.
             Slain by an ogre
             ... wielding a +0 giant spiked club
              (7 damage)
             ... on level 4 of the Dungeon.
             The game lasted 00:10:55 (3225 turns).

Dulis131 the Shield-Bearer (Gargoyle Fighter)       Turns: 3225, Time: 00:10:56

Health: -1/33      AC: 11    Str: 21    XL:     5   Next: 59%
Magic:  5/5        EV:  5    Int:  8    God:    the Shining One [......]
Gold:   115        SH:  9    Dex:  9    Spells: 4/4 levels left

rFire    . . .     SeeInvis .   A - +2 rapier (venom)
rCold    . . .     Gourm    .   c - +0 medium shield
rNeg     + . .     Faith    .   b - +0 scale mail
rPois    ∞         Spirit   .   (no helmet)
rElec    +         Reflect  .   (no cloak)
rCorr    .                      (no gloves)
MR       .....                  (no boots)
Stlth    ..........             (no amulet)
HPRegen  0.11/turn              (no ring)
MPRegen  0.09/turn              (no ring)

@: glowing
A: negative energy resistance 1, electricity resistance, unbreathing,
petrification resistance, rot immunity, AC +4
a: Renounce Religion


You were on level 4 of the Dungeon.
You worshipped the Shining One.
The Shining One was noncommittal.
You were not hungry.

You visited 1 branch of the dungeon, and saw 4 of its levels.

You collected 115 gold pieces.

Inventory:

Hand Weapons
 a - a +0 flail
 v - a +0 halberd
 A - a +2 rapier of venom (weapon)
Missiles
 h - a throwing net {=f}
 k - 82 javelins (quivered)
 q - 400 arrows
Armour
 b - a +0 scale mail (worn)
 c - a +0 medium shield (worn)
 r - a +2 robe of magic resistance
Jewellery
 n - the ring "Befevel" {Ice rPois Str+3 Slay-3}
   (You found it on level 2 of the Dungeon)

   [ring of ice]

   It enhances your ice magic.
   It affects your strength (+3).
   It affects your accuracy and damage with ranged weapons and melee attacks
   (-3).
   It makes you vulnerable to fire.
   It protects you from cold.
   It protects you from poison.
 s - an uncursed amulet of the gourmand
Scrolls
 f - 2 scrolls of teleportation {unknown}
 g - 3 scrolls of magic mapping {unknown}
 l - 2 scrolls of enchant armour {unknown}
 m - 2 scrolls of fear {unknown}
 o - a scroll of blinking {unknown}
 t - a scroll of enchant weapon {unknown}
 x - a scroll of immolation {unknown}
 y - a scroll of noise {unknown}
 z - a scroll of remove curse {unknown}
Potions
 d - a potion of might
 j - 2 potions of lignification {unknown}
 p - a potion of magic {unknown}
 u - a potion of resistance {unknown}
Comestibles
 e - 7 rations {!d}


   Skills:
 + Level 3.8 Fighting
 - Level 2.9 Maces & Flails
 - Level 0.4 Polearms
 + Level 1.7 Throwing
 + Level 4.2 Armour
 + Level 0.3 Dodging
 + Level 4.3 Shields


You had 4 spell levels left.
You didn't know any spells.
Your spell library was empty.

Dungeon Overview and Level Annotations

Branches:
Dungeon (4/12)
 Temple: D:4-7

Altars:
Wu Jian
Yredelemnul
The Shining One


Innate Abilities, Weirdness & Mutations

You are resistant to torment.
Your stone body is resilient. (AC +4)
You are immune to poison.
You resist negative energy. (rN+)
You are resistant to electric shocks. (rElec)
You can survive without breathing.
You are immune to petrification.
You are immune to rotting.


Message History

You are too injured to fight recklessly!
You are too injured to fight recklessly!
You are too injured to fight recklessly!
You are too injured to fight recklessly!
You are too injured to fight recklessly!
You are too injured to fight recklessly!
You are too injured to fight recklessly!
You are too injured to fight recklessly!
You are too injured to fight recklessly!
You are too injured to fight recklessly!
You are too injured to fight recklessly!
You are too injured to fight recklessly!
You are too injured to fight recklessly!
You are too injured to fight recklessly!
You are too injured to fight recklessly!
You are too injured to fight recklessly!
Your shield and scale mail prevent you from hitting the ogre.
The ogre is lightly wounded.
The ogre hits you with a +0 giant spiked club!
You die...

#..#........### #
#.#...>........ .##...
..#.....<....... ......
...............###......
......................%.
..####.####....##.......
##...÷.##.............
#.......#.............
..#.......#.....@O......
......_.............###.
..#.......#.............
..#.......#.....##......
. ##.....##.....# #.....
###.####.....# ?....
.... .......# $... .....
...##..# .... ..... .#
...


You could see an ogre.

Vanquished Creatures
  5 adders
  4 gnolls (D:2)
  5 oozes
  An adder zombie (D:3)
  3 worms
  A dart slug (D:3)
  7 leopard geckos
  An orc (D:3)
  A ball python (D:1)
  3 giant cockroaches
  6 goblins
  4 hobgoblins
  A jackal (D:2)
  4 kobolds
  7 bats
  3 frilled lizards
  A giant cockroach zombie (D:3)
  A jackal zombie (D:3)
  2 rats
60 creatures vanquished.

Notes
Turn   | Place    | Note
-------+----------+-------------------------------------------
     0 | D:1      | Dulis131 the Gargoyle Fighter began the quest for the Orb.
     0 | D:1      | Reached XP level 1. HP: 14/14 MP: 1/1
   159 | D:1      | Reached XP level 2. HP: 15/19 MP: 2/2
   447 | D:1      | Reached XP level 3. HP: 20/23 MP: 3/3
   671 | D:2      | Found an ornate altar of the Wu Jian Council.
   884 | D:2      | Got a bound iron ring
   910 | D:2      | Identified the ring "Befevel" {Ice rPois Str+3 Slay-3} (You
                  | found it on level 2 of the Dungeon)
  1011 | D:2      | Reached XP level 4. HP: 28/28 MP: 4/4
  1042 | D:2      | Reached skill level 1 in Throwing
  1968 | D:2      | Reached XP level 5. HP: 33/33 MP: 5/5
  2466 | D:3      | Found a basalt altar of Yredelemnul.
  3197 | D:4      | Found a glowing golden altar of the Shining One.
  3206 | D:4      | Became a worshipper of the Shining One
  3219 | D:4      | Noticed an ogre
  3225 | D:4      | Slain by an ogre

Skill      XL: |  1  2  3  4 |
---------------+-------------+-----
Shields        | 4 |  4.3
Throwing       | 1 |  1.7
Armour         | 4 |  4.2
Fighting       | |  3.8
Maces & Flails | |  2.9
Polearms       | |  0.4
Dodging        | |  0.3

Action                   |  1- 3 |  4- 6 || total
-------------------------+-------+-------++-------
Melee: Flail             |    68 |   159 ||   227
       Halberd           |       |    53 ||    53
       Rapier            |       |     5 ||     5
Throw: Javelin           |    37 |    30 ||    67
  Use: Scroll            |       |     1 ||     1
  Eat: Chunk             |     4 |    17 ||    21
Armor: Scale mail        |    58 |   137 ||   195
Dodge: Dodged            |     8 |    80 ||    88
Block: Medium shield     |    43 |    99 ||   142
